 Dungeon Crawl Stone Soup version 0.32-a0-893-gf85d74f360 (webtiles) character file.

Game seed: 18056695502038374225

439 innerfire43 the Trooper (level 6, -11/48 HPs)
             Began as a Demonspawn Monk on Apr 3, 2024.
             Mangled by Duvessa
             ... wielding a +0 short sword
              (12 damage)
             ... in the Ecumenical Temple.
             The game lasted 00:07:37 (3392 turns).

innerfire43 the Trooper (Demonspawn Monk)           Turns: 3392, Time: 00:07:38

Health: -11/48     AC: 14    Str:  9 (12) XL:     6   Next: 70%
Magic:  15/15      EV:  2    Int:  6 (8)  God:
Gold:   188        SH:  0    Dex: 23 (25) Spells: 5/5 levels left

rFire   . . .        y - +7 staff of the Meek {protect, meekguard}
rCold   . . .        (shield currently unavailable)
rNeg    . . .        z - +0 plate armour
rPois   .            (helmet restricted)
rElec   .            e - +0 cloak
rCorr   .            (no gloves)
SInv    .            (no boots)
Will    .....        s - amulet of the acrobat Stlth
                     f - +6 ring of dexterity
HPRegen 0.28/turn    n - ring of magical power
MPRegen 0.14/turn

%: acrobat
@: no status effects
A: horns 1, molten scales 2, condensation shield, agile 1, dopey 1, sturdy frame
1
a: no special abilities


You were in the Ecumenical Temple.
You visited 2 branches of the dungeon, and saw 8 of its levels.

You collected 188 gold pieces.

Inventory:

Hand Weapons
 a - a +0 hand axe
 o - a +1 dagger of pain
 y - the +7 staff of the Meek (weapon) {protect, meekguard}
   (You found it on level 3 of the Dungeon)
Armour
 b - a +0 robe
 d - an orb of light
 e - a +0 cloak (worn)
 h - a +0 tower shield
 z - a +0 plate armour (worn)
Jewellery
 f - a +6 ring of dexterity (left hand)
 n - a ring of magical power (right hand)
 s - an amulet of the acrobat (around neck)
 x - a ring of protection from fire
Scrolls
 k - a scroll of enchant armour {unknown}
 l - a scroll of fog {unknown}
 m - 3 scrolls of teleportation {unknown}
 r - a scroll of revelation {unknown}
 t - 3 scrolls of summoning {unknown}
 u - 2 scrolls of identify {unknown}
 w - a scroll of blinking {unknown}
Potions
 g - a potion of lignification {unknown}
 i - 2 potions of mutation
 j - a potion of attraction {unknown}
 p - a potion of heal wounds {unknown}
 q - a potion of degeneration
 v - a potion of magic {unknown}


   Skills:
 + Level 4.2 Fighting
 - Level 1.6 Short Blades
 - Level 3.0 Axes
 * Level 3.3 Staves
 - Level 3.0 Dodging
 - Level 2.0 Shields
 - Level 2.9 Necromancy


You had 5 spell levels left.
You didn't know any spells.
Your spell library contained the following spells:

 Spells                   Type           Power      Damage    Failure   Level
 Kiss of Death            Conj/Necr      4%         2d5       100%        1
 Confusing Touch          Hex            0%         N/A       100%        3
 Dispel Undead            Necr           3%         3d7       100%        4


Dungeon Overview and Level Annotations

Branches:
Dungeon (7/15)             Temple (1/1) D:5

Altars:
Cheibriados
Dithmenos
Fedhas
Hepliaklqana
Makhleb
Nemelex Xobeh
Ru
Sif Muna
Uskayaw
Wu Jian
Xom
Yredelemnul
Beogh

Annotations:
Temple Duvessa


Innate Abilities, Weirdness & Mutations

You have a pair of small horns on your head.
You are mostly covered in molten scales. (AC +3)
A meltable shield of frost defends you. (SH +0)
You are agile. (Dex +4, Str/Int -1)
You are dopey. (Int -2)
Your movements are slightly less encumbered by armour. (ER -2)


Message History

An orc wizard comes into view. It is wielding a +1 dagger of flaming.
The orc wizard points at you and mumbles some strange words.
The puff of flame hits you but does no damage.
Duvessa hits you but does no damage.
You hear a shout!
You hit Duvessa.
Your weapon exudes an aura of protection.
Your headbutt misses Duvessa.
Duvessa is moderately wounded.
Duvessa hits you but does no damage. x2
An orc priest comes into view. It is wielding a +0 flail.
You hit Duvessa but do no damage.
Duvessa is moderately wounded.
Duvessa hits you with a +0 short sword. Duvessa hits you with a +0 short sword!
* * * LOW HITPOINT WARNING * * *
You hit Duvessa but do no damage. You headbutt Duvessa, but do no damage.
Duvessa is moderately wounded.
Duvessa hits you but does no damage. Duvessa misses you.
Duvessa hits you but does no damage.
Found a scroll labelled BAYC ALUOSEW.
Duvessa hits you but does no damage.
There is a staircase to the Ecumenical Temple here.
Duvessa hits you with a +0 short sword!
* * * LOW HITPOINT WARNING * * *
You climb downwards.
Welcome to the Ecumenical Temple!
Found a staircase back to the Dungeon.
There is a staircase back to the Dungeon here.
It was a potion of mutation.
You feel extremely strange.
You feel stupid.
You feel less encumbered by your armour.
You feel agile. Duvessa hits you with a +0 short sword.
* * * LOW HITPOINT WARNING * * *
Duvessa hits you with a +0 short sword.
* * * LOW HITPOINT WARNING * * *
It was a potion of degeneration.
There was something very wrong with that liquid.
You feel weakened.
You feel dopey.
You feel clumsy.
Duvessa is no longer moving quickly.
Duvessa hits you with a +0 short sword!
You die...

♣♣♣♣ ♣♣♣..♣♣♣ ♣♣♣
♣....e.♣♣ ♣≈♣ ♣...@...♣
♣≈♣♣♣......♣♣
♣≈≈♣♣♣....♣♣
♣♣≈≈♣♣♣♣♣..♣ ♣♣♣ ♣≈≈♣♣
♣..♣♣ ♣♣.### ♣♣≈≈♣
♣♣..♣♣ ♣♣....#♣
♣♣≈♣♣♣♣...♣♣♣ ♣..._..♣♣
♣♣~≈≈~♣♣.....♣♣♣♣.......
♣..~≈≈~♣......♣.........


You could see Duvessa (berserk).

Vanquished Creatures
  A wight (D:5)
  Dowan (D:5)
  2 howler monkeys (D:7)
  A bombardier beetle (D:4)
  A hound (D:4)
  An orc priest (D:3)
  Natasha (thrice) (D:3)
  2 adders (D:3)
  A shadow imp (D:6)
  A ribbon worm (D:4)
  A dart slug (D:1)
  4 orcs (D:3)
  6 endoplasms
  4 giant cockroaches
  6 goblins
  4 hobgoblins
  9 jackals
  2 quokkas
  3 ball pythons
  4 bats
  2 frilled lizards
  4 kobolds
  4 rats
67 creatures vanquished.

Notes
Turn   | Place    | Note
-------+----------+-------------------------------------------
     0 | D:1      | innerfire43 the Demonspawn Monk began the quest for the
                  | Orb.
     0 | D:1      | Reached XP level 1. HP: 18/18 MP: 1/1
   156 | D:1      | Gained mutation: You are partially covered in molten
                  | scales. (AC +2) [demonic ancestry]
   156 | D:1      | Reached XP level 2. HP: 24/24 MP: 2/2
  1072 | D:2      | Gained mutation: A meltable shield of frost defends you.
                  | (SH +0) [demonic ancestry]
  1072 | D:2      | Reached XP level 3. HP: 21/29 MP: 3/3
  1250 | D:2      | Found a hazy altar of Hepliaklqana.
  1307 | D:2      | Reached skill level 1 in Necromancy
  1392 | D:2      | Reached skill level 1 in Shields
  2230 | D:3      | Noticed Natasha
  2239 | D:3      | Killed Natasha
  2240 | D:3      | Reached skill level 1 in Short Blades
  2240 | D:3      | Gained mutation: You are mostly covered in molten scales.
                  | (AC +3) [demonic ancestry]
  2240 | D:3      | Reached XP level 4. HP: 27/35 MP: 4/4
  2260 | D:3      | Noticed Natasha
  2272 | D:3      | Killed Natasha
  2460 | D:3      | Reached XP level 5. HP: 11/41 MP: 5/5
  2464 | D:3      | Found a roughly hewn altar of Beogh.
  2464 | D:3      | Found the +7 staff of the Meek {protect, meekguard}
  2655 | D:3      | Noticed Natasha
  2662 | D:3      | Killed Natasha
  2663 | D:3      | Reached skill level 1 in Staves
  3265 | D:4      | You fall into a shaft and drop 3 floors!
  3270 | D:7      | Gained mutation: You have a pair of small horns on your
                  | head. [demonic ancestry]
  3270 | D:7      | Reached XP level 6. HP: 48/48 MP: 6/6
  3330 | D:5      | Entered Level 5 of the Dungeon
  3341 | D:5      | Reached skill level 4 in Fighting
  3351 | D:5      | Found a staircase to the Ecumenical Temple.
  3354 | D:5      | Noticed Dowan
  3357 | D:5      | Noticed Duvessa
  3364 | D:5      | Killed Dowan
  3390 | Temple   | Entered the Ecumenical Temple
  3391 | Temple   | Gained mutation: You are dopey. (Int -2) [potion of
                  | mutation]
  3391 | Temple   | Gained mutation: Your movements are slightly less
                  | encumbered by armour. (ER -2) [potion of mutation]
  3391 | Temple   | Gained mutation: You are agile. (Dex +4, Str/Int -1)
                  | [potion of mutation]
  3391 | Temple   | HP: 1/48 [Duvessa/+0 short sword (3)]
  3392 | Temple   | Mangled by Duvessa

Illustrated notes

Levels and vault maps discovered:
D:1:      evilmike_arrival_crescent, layout_basic, nrook_campfire,
          nicolae_concentric_dashed_squares_wild
D:2:      layout_basic, basic_altar, amethyst_killhole,
          chequers_serial_rivers_large_b, minmay_misc_feat_secret_circle,
          grunt_decor_mini_mirrors
D:3:      layout_loops_ring, minmay_hedge_maze, hangedman_decor_growths,
          pf_guarded_unrand_meek, uniq_natasha
D:4:      layout_cave_pods
D:5:      layout_basic, nicolae_qazlal_eye_of_the_storm,
          minmay_temple_entry_trees, uniq_duvessa, uniq_sigmund
D:6:      layout_cave_pools, mainiacjoe_overflow_24_doors, minivault_19,
          chequers_decorated_corner
D:7:      minmay_the_grid_plus [minmay_the_grid_slots, minmay_the_grid_garden,
          minmay_the_grid_mess, minmay_the_grid_x,
          minmay_the_grid_prize_inner_circle], layout_rooms, serial_shops,
          shop_statue
Temple:   oiseaux_autumnal_temple

Skill      XL: |  1  2  3  4  5  6 |
---------------+-------------------+-----
Axes           | 3 |  3.0
Dodging        | 3 |  3.0
Necromancy     | 2 |  2.9
Shields        | 1 2 |  2.0
Short Blades   | 1 |  1.6
Staves         | 2 3 |  3.3
Fighting       | 4 |  4.2

Action                     |  1- 3 |  4- 6 || total
---------------------------+-------+-------++-------
  Melee: Hand axe          |    48 |       ||    48
         Dagger            |    78 |    30 ||   108
         Quarterstaff      |       |   163 ||   163
         Headbutt          |       |     9 ||     9
    Use: Potion            |       |     3 ||     3
   Stab: Sleeping          |     3 |       ||     3
 Armour: Robe              |    67 |    19 ||    86
         Plate armour      |       |    71 ||    71
  Dodge: Dodged            |    59 |    25 ||    84
  Block: Tower shield      |   124 |    43 ||   167
         Other             |       |     8 ||     8

Table legend: (Time is in decaauts)
 A = Elapsed time spent in this place.
 B = Non-inter-level travel time spent in this place.
 C = Inter-level travel time spent in this place.
 D = Time resting spent in this place.
 E = Time spent auto-exploring this place.
 F = Levels seen in this place.
 G = Mean time per level.
                   A        B        C        D        E       F      G
               +--------+--------+--------+--------+--------+-----+--------+
         Total |   3531 |   3410 |    121 |      0 |   2543 |   8 |  441.4 |
       Dungeon |   3529 |   3408 |    121 |      0 |   2543 |   7 |  504.1 |
        Temple |      1 |      1 |      0 |      0 |      0 |   1 |    1.0 |
               +--------+--------+--------+--------+--------+-----+--------+

Top non-repeatable levels by time:
     D:1: 1070 daAuts
     D:3: 1012 daAuts
     D:2: 984 daAuts
     D:4: 333 daAuts
     D:5: 63 daAuts
     D:6: 49 daAuts
     D:7: 16 daAuts
  Temple: 1 daAuts
